 Dungeon Crawl Stone Soup version 0.19.1-1-g22dce08 (webtiles) character file.

37 JeffiDaFish the Covered (level 3, -6/23 HPs)
             Began as a Gargoyle Fighter on Jan 1, 2017.
             Mangled by an iguana (8 damage)
             ... on level 4 of the Dungeon.
             The game lasted 00:03:20 (1187 turns).

JeffiDaFish the Covered (Gargoyle Fighter)          Turns: 1187, Time: 00:03:20

Health: -6/23      AC: 12    Str: 19    XL:     3   Next: 39%
Magic:  3/3        EV:  5    Int: 10    God:
Gold:   109        SH:  9    Dex:  8    Spells: 0 memorised, 2 levels left

rFire  . . .     SeeInvis .     a - +0 flail
rCold  . . .     Gourm    .     k - +0 chain mail
rNeg   + + .     Faith    .     c - +0 shield
rPois  ∞         Spirit   .     (no helmet)
rElec  +         Reflect  .     (no cloak)
rCorr  .         Harm     .     (no gloves)
MR     .....                    (no boots)
Stlth  ..........               (no amulet)
                                (no ring)
                                e - ring of positive energy

@: slowed, very slow
A: blink, clever 1, clumsy 1, negative energy resistance 1, electricity
resistance, unbreathing, petrification resistance, rot immunity, AC +3
a: Blink


You were on level 4 of the Dungeon.
You were not hungry.

You visited 1 branch of the dungeon, and saw 3 of its levels.

You collected 109 gold pieces.

Inventory:

Hand Weapons
 a - a +0 flail (weapon)
Armour
 c - a +0 shield (worn)
 k - a +0 chain mail (worn)
Jewellery
 e - a ring of positive energy (left hand)
Potions
 d - a potion of might
 i - a potion of berserk rage
Comestibles
 b - a fruit
 f - 2 bread rations
 h - a meat ration
 j - a beef jerky


   Skills:
 + Level 3.3 Fighting
 + Level 2.6 Maces & Flails
 + Level 3.8 Armour
 + Level 0.1 Dodging
 + Level 3.7 Shields


You had 2 spell levels left.
You didn't know any spells.

Dungeon Overview and Level Annotations

Branches:
Dungeon (2/15)

Altars:
Ru


Innate Abilities, Weirdness & Mutations

You are resistant to torment.
Your stone body is resilient. (AC +3)
You are immune to poison.
You resist negative energy. (rN+)
You are resistant to electric shocks. (rElec)
You can survive without breathing.
You are immune to petrification.
You are immune to rotting.
You can translocate small distances at will.
Your mind is acute. (Int +2)
You are clumsy. (Dex -2)


Message History

The orc wizard barely misses you.
Your shield and chain mail prevent you from hitting the orc wizard.
The orc wizard is severely wounded.
You block the orc wizard's attack. You block the iguana's attack.
The orc wizard hits you with a dagger.
* * * LOW HITPOINT WARNING * * *
The iguana bites you but does no damage.
The orc wizard barely misses you.
You closely miss the orc wizard.
The orc wizard is severely wounded.
You block the orc wizard's attack.
The iguana bites you but does no damage.
The orc wizard hits you but does no damage.
The iguana barely misses you.
Unknown command.
You closely miss the orc wizard.
The orc wizard is severely wounded.
The orc wizard hits you but does no damage.
The orc wizard completely misses you. The iguana bites you!
You die...

##.## #... #.#....
._. ##.#...# # ...
#......# #.##.##
#..#...# .... #
.......#.####.####.#
.......#......)l@o.#
.......######.######
...>..........#
.#.#...#..###.#
.#<#.....^# #...
.........## ###.#
#####.#### ... #.#
#.# ... ..#


You could see an iguana and an orc wizard.

Vanquished Creatures
  2 dart slugs (D:1)
  2 orcs (D:4)
  2 ball pythons (D:1)
  3 bats
  2 giant cockroaches (D:1)
  4 hobgoblins (D:1)
  3 jackals (D:1)
  3 kobolds (D:1)
  2 frilled lizards
  A goblin (D:1)
  4 rats
28 creatures vanquished.

Notes
Turn   | Place    | Note
-------+----------+-------------------------------------------
     0 | D:1      | JeffiDaFish the Gargoyle Fighter began the quest for the Orb.
     0 | D:1      | Reached XP level 1. HP: 14/14 MP: 1/1
     2 | D:1      | Noticed a minotaur zombie
   258 | D:1      | Reached XP level 2. HP: 19/19 MP: 2/2
   672 | D:1      | Reached XP level 3. HP: 23/23 MP: 3/3
  1098 | D:2      | Gained mutation: Your mind is acute. (Int +2) [potion of mutation]
  1098 | D:2      | Gained mutation: You are clumsy. (Dex -2) [potion of mutation]
  1098 | D:2      | Gained mutation: You can translocate small distances at will. [potion of mutation]
  1141 | D:2      | You fall through a shaft for 2 floors!
  1157 | D:4      | Found a sacrificial altar of Ru.
  1187 | D:4      | Mangled by an iguana

Action                   || total
-------------------------++-------
Melee: Flail             ||   110
  Use: Potion            ||     4
       Scroll            ||     2
  Eat: Chunk             ||     1
Armor: Scale mail        ||    39
       Chain mail        ||    28
Dodge: Dodged            ||    35
Block: Shield            ||    71
